 Dungeon Crawl Stone Soup version 0.21-a0-426-g98080a9 (webtiles) character file.

120 kae the Insei (level 4, -1/37 HPs)
             Began as a Draconian Transmuter on Nov 7, 2017.
             Slain by an orc
             ... wielding a +0 hand axe
              (4 damage)
             ... on level 3 of the Dungeon.
             The game lasted 00:02:55 (2744 turns).

kae the Insei (Draconian Transmuter)                Turns: 2744, Time: 00:02:56

Health: -1/37      AC:  5    Str: 12    XL:     4   Next: 75%
Magic:  8/8        EV: 12    Int: 14    God:
Gold:   70         SH:  0    Dex: 12    Spells: 7/8 levels left

rFire    . . .     SeeInvis .   e - +0 dagger (speed)
rCold    . . .     Gourm    .   (no shield)
rNeg     . . .     Faith    .   (armour unavailable)
rPois    .         Spirit   .   (helmet restricted)
rElec    .         Reflect  .   (no cloak)
rCorr    .         Harm     .   (no gloves)
MR       .....                  (no boots)
Stlth    ++........             (no amulet)
HPRegen  0.12/turn              h - ring of stealth
MPRegen  0.11/turn              (no ring)

@: lethally poisoned (-1 -> -3)
A: unfitting armour, blink, evolution 1, cold-blooded, AC +5
a: Blink


You were on level 3 of the Dungeon.
You were not hungry.

You visited 1 branch of the dungeon, and saw 3 of its levels.

You collected 70 gold pieces.

Inventory:

Hand Weapons
 e - a +0 dagger of speed (weapon)
Missiles
 a - 33 arrows
Jewellery
 h - a ring of stealth (left hand)
Wands
 g - a wand of enslavement (14/24)
Scrolls
 j - a scroll of fear
 l - a scroll of identify
Potions
 d - 2 potions of degeneration
Books
 b - a book of Changes

   Spells                             Type                      Level
   a - Beastly Appendage              Transmutation                1
   b - Sticks to Snakes               Transmutation                2
   c - Spider Form                    Transmutation/Poison         3
   d - Ice Form                       Ice/Transmutation            4
   e - Blade Hands                    Transmutation                5
Comestibles
 c - a bread ration
 f - 4 fruits
 i - 4 chunks of flesh


   Skills:
 + Level 2.4 Fighting
 - Level 1.7 Dodging
 * Level 4.1 Unarmed Combat
 + Level 2.7 Spellcasting
 + Level 2.8 Transmutations


You had 7 spell levels left.
You knew the following spells:

 Your Spells              Type           Power        Failure   Level  Hunger
a - Beastly Appendage     Tmut           #.....       7%          1    #......


Dungeon Overview and Level Annotations

Branches:
Dungeon (3/15)

Altars:

Annotations:
D:2 exclusion: 2 gnolls, Sigmund
D:3 Ijyb


Innate Abilities, Weirdness & Mutations

Your plain brown scales are hard. (AC +5)
You cannot fit into any form of body armour.
You are cold-blooded and may be slowed by cold attacks.
You can translocate small distances at will.
You evolve.


Message History

The kobold is severely wounded.
The kobold closely misses you. The orc barely misses you.
The adder bites you but does no damage.
You hit the kobold but do no damage.
The kobold is severely wounded.
You feel sick. The kobold barely misses you.
You hit the kobold but do no damage.
The kobold is severely wounded.
The adder closely misses you. The orc hits you with a hand axe.
You barely miss the kobold. You claw the kobold.
You kill the kobold!
Your talons disappear.
The adder barely misses you.
An orc wizard comes into view. It is wielding a dagger.
An orc comes into view.
It is wielding a hand axe of electrocution.
The orc hits you with a hand axe of electrocution.
You are electrocuted!
* * * LOW HITPOINT WARNING * * *
The orc hits you with a hand axe.
You die...

######### #.o......
##.###@#######
.......oSSSg..# #
..#.###w#####(#.#
..o....#.#.#####
..........SS(.....
..#......wK.g#.#####
. #...###....#.#
#... #....# # ####
#....#


You could see Ijyb, a worm, an orc wizard, 3 adders and 2 orcs.

Vanquished Creatures
  A worker ant (D:2)
  Robin (D:1)
  An adder (D:2)
  2 worms (D:2)
  A leopard gecko (D:1)
  An orc (D:3)
  8 giant cockroaches
  14 goblins
  9 hobgoblins
  2 jackals (D:2)
  A quokka (D:2)
  2 ball pythons (D:2)
  4 bats (D:1)
  3 frilled lizards
  4 kobolds
  9 rats
63 creatures vanquished.

Vanquished Creatures (others)
  4 toadstools (D:1)
4 creatures vanquished.

Grand Total: 67 creatures vanquished

Notes
Turn   | Place    | Note
-------+----------+-------------------------------------------
     0 | D:1      | kae the Draconian Transmuter began the quest for the Orb.
     0 | D:1      | Reached XP level 1. HP: 16/16 MP: 3/3
   340 | D:1      | Reached XP level 2. HP: 15/23 MP: 3/5
  1237 | D:2      | Noticed Robin
  1246 | D:1      | Reached XP level 3. HP: 14/29 MP: 4/6
  1247 | D:1      | Gained mutation: You can translocate small distances at will. [potion of mutation]
  1247 | D:1      | Gained mutation: You evolve. [potion of mutation]
  1267 | D:1      | Killed Robin
  1925 | D:2      | Noticed Sigmund
  2208 | D:2      | Reached XP level 4. HP: 36/36 MP: 7/7
  2476 | D:2      | Reached skill level 4 in Unarmed Combat
  2714 | D:3      | Noticed Ijyb
  2744 | D:3      | Slain by an orc

Vault maps used:
D:1:      ldierk_walled_garden_2
D:2:      uniq_sigmund, uniq_robin
D:3:      minmay_wonky_spiral, uniq_ijyb

Skill      XL: |  1  2  3  4 |
---------------+-------------+-----
Fighting       | 2 |  2.4
Unarmed Combat | 4 |  4.1
Dodging        | |  1.7
Spellcasting   | |  2.7
Transmutations | |  2.8

Action                   |  1- 3 |  4- 6 || total
-------------------------+-------+-------++-------
Melee: Unarmed           |   101 |       ||   101
       Tailslap          |    13 |     6 ||    19
       Punch             |     5 |     2 ||     7
       Kick              |     3 |    13 ||    16
       Dagger            |    88 |    87 ||   175
       Headbutt          |       |     3 ||     3
 Cast: Beastly Appendage |     8 |     6 ||    14
  Use: Scroll            |     2 |     2 ||     4
       Potion            |     1 |     1 ||     2
 Stab: Sleeping          |     4 |     1 ||     5
  Eat: Chunk             |     3 |     3 ||     6
Armor: Skin              |    55 |    25 ||    80
Dodge: Dodged            |   121 |    52 ||   173

Table legend:
 A = Spawn XP
 B = Non-spawn XP
 C = Spawn XP percentage of total XP
 D = Spawn monster count
 E = Non-spawn monster count
 F = Spawn count percentage of total count
 G = Total turns spent on level
                    A         B        C        D         E        F      G
               +---------+---------+-------+---------+---------+-------+---------
         Total |       0 |     172 |   0.0 |       0 |      63 |   0.0 |  2744
               +---------+---------+-------+---------+---------+-------+---------
           D:1 |       0 |      73 |   0.0 |       0 |      33 |   0.0 |  1811
           D:2 |       0 |      93 |   0.0 |       0 |      27 |   0.0 |   903
           D:3 |       0 |       6 |   0.0 |       0 |       3 |   0.0 |    30
               +---------+---------+-------+---------+---------+-------+---------
